 Dungeon Crawl Stone Soup version 0.29.0-11-gd7f09526c8 (webtiles) character file.

Game seed: 10261589621038235759

7444 themarg the Cleaver (level 10, -26/94 HPs)
             Began as a Minotaur Berserker on Sept 7, 2022.
             Was an Elder of Trog.
             Annihilated by a two-headed ogre
             ... wielding a +0 giant spiked club
              (33 damage)
             ... on level 10 of the Dungeon.
             The game lasted 00:22:58 (10308 turns).

themarg the Cleaver (Minotaur Berserker)           Turns: 10308, Time: 00:22:59

Health: -26/94     AC: 12    Str: 33    XL:     10   Next: 93%
Magic:  9/9        EV: 16    Int:  4    God:    Trog [****..]
Gold:   598        SH:  0    Dex: 15    Spells: 9/9 levels left

rFire   . . .      SeeInvis +   m - +11 dagger of the Throat {elec, Str+2 Dex+4}
rCold   . . .      Faith    .   g - orb {*Rage}
rNeg    . . .      Spirit   .   A - +0 troll leather armour
rPois   .          Reflect  .   (helmet restricted)
rElec   .          Harm     .   y - +2 cloak
rCorr   .          Rampage  .   w - +0 pair of gloves
Will    .....      Rage     20% o - +0 pair of boots
Stlth   +.........              (no amulet)
HPRegen 1.05/turn               s - +6 ring of strength
MPRegen 0.11/turn               r - ring of see invisible

@: no status effects
A: horns 2, retaliatory headbutt
a: Renounce Religion, Berserk, Trog's Hand, Brothers in Arms


You were on level 10 of the Dungeon.
You worshipped Trog.
Trog was greatly pleased with you.
You visited 1 branch of the dungeon, and saw 10 of its levels.
You also visited: Sewer.

You collected 598 gold pieces.

Inventory:

Hand Weapons
 a - a +0 hand axe
 m - the +11 dagger of the Throat (weapon) {elec, Str+2 Dex+4}
   (You found it on level 2 of the Dungeon)

   It occasionally discharges a powerful burst of electricity upon striking a
   foe.
   Str:       It affects your strength (+2).
   Dex:       It affects your dexterity (+4).
Missiles
 q - 2 throwing nets (quivered)
 E - 33 poisoned darts
 N - 4 atropa-tipped darts
Armour
 g - an orb of wrath (worn)
 o - a +0 pair of boots (worn)
 w - a +0 pair of gloves (worn)
 y - a +2 cloak (worn)
 A - a +0 troll leather armour (worn)
Jewellery
 l - a ring of resist corrosion
 r - a ring of see invisible (right hand)
 s - a +6 ring of strength (left hand)
 D - a ring of willpower
 M - a +4 ring of evasion
Wands
 B - a wand of flame (44)
 C - a wand of charming (2)
 L - a wand of iceblast (4)
 O - a wand of mindburst (13)
Scrolls
 b - 3 scrolls of silence
 d - 3 scrolls of enchant armour
 e - 6 scrolls of blinking
 f - 5 scrolls of poison
 h - 5 scrolls of enchant weapon
 i - 13 scrolls of teleportation
 j - 2 scrolls of acquirement {unknown}
 k - a scroll of identify
 n - 3 scrolls of fear
 v - 3 scrolls of noise
 F - 2 scrolls of magic mapping {unknown}
 I - 3 scrolls of brand weapon
 K - a scroll of summoning {unknown}
Potions
 c - 5 potions of lignification
 p - 2 potions of magic
 u - 4 potions of curing
 x - 2 potions of mutation {unknown}
 z - 5 potions of might
 G - a potion of heal wounds
 H - a potion of resistance {unknown}
 J - a potion of attraction {unknown}
 P - 2 potions of flight {unknown}


   Skills:
 + Level 10.7 Fighting
 + Level 10.7 Axes
 + Level 10.5 Armour
 + Level 9.5 Dodging


You had 9 spell levels left.
You didn't know any spells.
Your spell library was empty.

Dungeon Overview and Level Annotations

Branches:
Dungeon (10/15)            Temple (0/1) D:6           Sewer (visited)
   Lair: D:8-11         Orc: D:9-12

Altars:
Cheibriados
Ru
Vehumet
Xom
Zin

Shops:
D:9 [

Annotations:
D:7 1 runed translucent door, SensoryNuts's ghost, novice OpFi
D:8 3 runed translucent doors, Adrian566's ghost, novice DsFi


Innate Abilities, Weirdness & Mutations

You have a pair of horns on your head.
You reflexively headbutt those who attack you in melee.


Message History

Found a long sword.
Found a robe.
You see here a +0 robe.
A troll comes into view.
A two-headed ogre comes into view.
It is wielding two +0 giant spiked clubs.
The two-headed ogre shouts in stereo!
The troll bites you but does no damage. The troll claws you!
The troll barely misses you.
You see here a scroll labelled OQONORASTUA.
You hit the troll.
The troll is lightly wounded.
The two-headed ogre hits you with a +0 giant spiked club!!
The two-headed ogre closely misses you. The troll bites you.
The troll claws you. The troll completely misses you.
You hit the troll.
The troll is lightly wounded.
The troll bites you! The troll completely misses you. The troll claws you.
The two-headed ogre hits you with a +0 giant spiked club!!
* * * LOW HITPOINT WARNING * * *
The two-headed ogre barely misses you.
You fail to use your ability.
The troll closely misses you. The troll claws you.
* * * LOW HITPOINT WARNING * * *
The troll barely misses you.
You feel much better.
The two-headed ogre hits you with a +0 giant spiked club!!
* * * LOW HITPOINT WARNING * * *
The two-headed ogre closely misses you. The troll bites you but does no damage.
The troll claws you but does no damage. The troll barely misses you.
Your ogre goes berserk!
Trog will no longer gift you weapons. The troll bites you.
* * * LOW HITPOINT WARNING * * *
The troll claws you!
* * * LOW HITPOINT WARNING * * *
The troll closely misses you.
The two-headed ogre completely misses you.
You furiously retaliate!
You headbutt the two-headed ogre.
The two-headed ogre hits you with a +0 giant spiked club!!
You die...

.... #..# #..#
#[.# #..# #..#
#..######..######
#................
#.......#####....
..#####.......#
...
.........O....#
##
......T@......#
......O.......#
..............#
#.............#
#...###.......'.
# #...
#.......#.. .#
#.. #####...#..
.# +. ...# >##


You could see a two-headed ogre, a troll (ally target) and a friendly ogre
(summoned, berserk).

Vanquished Creatures
  A gargoyle (D:9)
  An unseen horror (D:6)
  4 kobold demonologists (D:10)
  2 trolls
  4 yaks (D:9)
  A wyvern (D:9)
  A steam dragon (D:8)
  An acid dragon (D:9)
  Duvessa (D:5)
  3 water moccasins
  2 ice beasts
  An orc warrior (D:9)
  A black bear (D:4)
  An ogre (D:5)
  6 centaurs
  A phantom (D:5)
  4 kobold brigands
  3 bullfrogs
  2 necrophages (D:5)
  4 scorpions
  4 wights (D:8)
  Dowan (D:5)
  10 killer bees
  8 hounds
  2 jellies
  6 orc priests
  Crazy Yiuf (D:5)
  Jessica (D:2)
  A gnoll bouda (D:7)
  5 iguanas
  4 orc wizards
  7 gnolls
  13 adders
  5 river rats (Sewer)
  A white imp (D:6)
  An ufetubus (D:5)
  A worm (D:3)
  3 dart slugs
  23 orcs
  7 endoplasms
  5 giant cockroaches
  7 goblins
  5 hobgoblins
  12 jackals
  A quokka (D:1)
  8 ball pythons
  5 bats
  3 frilled lizards
  22 kobolds
  13 rats
229 creatures vanquished.

Vanquished Creatures (collateral kills)
  A yak (D:8)
  A steam dragon (D:8)
  An orc warrior (D:8)
3 creatures vanquished.

Vanquished Creatures (others)
  6 plants (Sewer)
6 creatures vanquished.

Grand Total: 238 creatures vanquished

Notes
Turn   | Place    | Note
-------+----------+-------------------------------------------
     0 | D:1      | themarg the Minotaur Berserker began the quest for the Orb.
     0 | D:1      | Reached XP level 1. HP: 19/19 MP: 0/0
   386 | D:1      | Reached XP level 2. HP: 27/27 MP: 1/1
   530 | D:1      | Found a faded altar of an unknown god.
   960 | D:2      | Identified the +11 dagger of the Throat {elec, Str+2 Dex+4}
  1066 | D:2      | Reached XP level 3. HP: 32/33 MP: 2/2
  1528 | D:2      | Noticed Jessica
  1535 | D:2      | Killed Jessica
  1535 | D:2      | Reached ** piety under Trog
  1536 | D:2      | Reached XP level 4. HP: 41/41 MP: 3/3
  2519 | D:4      | Reached XP level 5. HP: 47/47 MP: 4/4
  2770 | D:4      | Noticed a black bear
  2776 | D:4      | Killed a black bear
  2777 | D:4      | Reached skill level 5 in Fighting
  2777 | D:4      | Reached skill level 5 in Axes
  2777 | D:4      | Reached XP level 6. HP: 49/56 MP: 5/5
  3172 | D:4      | Reached *** piety under Trog
  3373 | D:5      | Entered Level 5 of the Dungeon
  3442 | D:5      | Reached skill level 5 in Armour
  3442 | D:5      | Reached XP level 7. HP: 59/62 MP: 6/6
  3952 | D:5      | Reached skill level 5 in Dodging
  4106 | D:5      | Reached XP level 8. HP: 58/71 MP: 7/7
  4185 | D:5      | Found a runed translucent door.
  4186 | D:5      | Noticed Crazy Yiuf
  4225 | D:5      | Noticed Duvessa
  4226 | D:5      | Noticed Dowan
  4231 | D:5      | Killed Dowan
  4235 | D:5      | Killed Duvessa
  4965 | D:5      | Killed Crazy Yiuf
  5265 | D:6      | Found a staircase to the Ecumenical Temple.
  5510 | D:6      | Found a glowing drain.
  5524 | Sewer    | Entered a sewer
  5636 | Sewer    | Reached **** piety under Trog
  6171 | D:6      | Reached XP level 9. HP: 81/81 MP: 8/8
  6258 | D:6      | Noticed an unseen horror
  6269 | D:6      | Killed an unseen horror
  6477 | D:6      | Found a sacrificial altar of Ru.
  6982 | D:7      | Found a snail-covered altar of Cheibriados.
  7088 | D:7      | Found a runed translucent door.
  7091 | D:7      | Noticed SensoryNuts's ghost (novice OpFi)
  7091 | D:7      | Noticed a gargoyle
  7188 | D:7      | Noticed a troll
  7198 | D:7      | Killed a troll
  7782 | D:7      | Found a glowing silver altar of Zin.
  8051 | D:8      | Found a shimmering altar of Xom.
  8710 | D:8      | Reached XP level 10. HP: 77/91 MP: 9/9
  8766 | D:8      | Found a runed translucent gate.
  8766 | D:8      | Found a runed translucent gate.
  8766 | D:8      | Found a runed translucent gate.
  8766 | D:8      | Noticed Adrian566's ghost (novice DsFi)
  9362 | D:9      | Reached skill level 10 in Fighting
  9362 | D:9      | Reached skill level 10 in Axes
  9661 | D:9      | Noticed a gargoyle
  9680 | D:9      | Killed a gargoyle
  9681 | D:9      | Reached skill level 10 in Armour
  9765 | D:9      | Found a radiant altar of Vehumet.
 10039 | D:9      | Found Nueviuk's Superior Scales.
 10125 | D:10     | Entered Level 10 of the Dungeon
 10178 | D:10     | Reached ***** piety under Trog
 10184 | D:10     | Noticed a soul eater
 10300 | D:10     | Noticed a two-headed ogre
 10308 | D:10     | Annihilated by a two-headed ogre

Illustrated notes

Levels and vault maps discovered:
D:1:      mushboom_english_gardens, layout_basic, basic_ecumenical_altar
D:2:      layout_rooms, uniq_jessica
D:3:      layout_basic, serial_glass, glass_columns_c, glass_columns_b,
          glass_columns_a, glass_columns_c, glass_columns_c, feat_on_display,
          item_on_display_a
D:4:      layout_basic
D:5:      layout_loops_cross, minmay_puff, uniq_duvessa, uniq_crazy_yiuf_cottage
D:6:      layout_rooms, nicolae_ru_the_path_less_chosen,
          minmay_temple_entry_nine_rooms, portal_sewer_entry_a,
          grunt_ministairs_12
D:7:      layout_loops_cross, mainiacjoe_overflow_surrounded_room, zin_statuary,
          ebering_ghost_inner_flame, chequers_arboretum, bh_walls_and_bars
D:8:      layout_cave_pools, xom_confusion_cloud, ebering_ghost_rock_garden
D:9:      layout_loops_ring, mainiacjoe_overflow_alcove_1, hellmonk_scale_shop
D:10:     layout_irregular_city, nicolae_wu_jian_immortal_techniques,
          orc_0_dummy

Skill      XL: |  1  2  3  4  5  6  7  8  9 10 |
---------------+-------------------------------+-----
Fighting       | 4 5 6 7 9 10 | 10.7
Axes           | 4 5 6 7 9 10 | 10.7
Armour         | 3 4 5 6 7 9 10 | 10.5
Dodging        | 3 4 5 6 8 9 |  9.5

Action                   |  1- 3 |  4- 6 |  7- 9 | 10-12 || total
-------------------------+-------+-------+-------+-------++-------
Melee: Hand axe          |    15 |       |       |       ||    15
       Headbutt          |     2 |    10 |    51 |    19 ||    82
       Dagger            |    36 |    60 |   299 |    98 ||   493
       Punch             |       |     1 |     4 |     1 ||     6
Invok: Berserk           |     1 |       |     2 |       ||     3
       Brothers in Arms  |       |       |     1 |     1 ||     2
  Use: Scroll            |       |       |     9 |     5 ||    14
       Potion            |       |       |       |     1 ||     1
 Stab: Sleeping          |       |       |     1 |     2 ||     3
Armor: Animal skin       |     6 |       |       |       ||     6
       Leather armour    |     2 |    14 |    81 |    15 ||   112
       Troll leather arm |       |       |       |    28 ||    28
Dodge: Dodged            |    26 |    39 |   205 |   106 ||   376
